 Dungeon Crawl Stone Soup version 0.25.1-9-gc5326a611f (webtiles) character file.

Game seed: 11219498529341598147

57 Goreval the Sneak (level 4, 0/27 HPs)
             Began as an Octopode Wizard on Jan 1, 2021.
             Succumbed to an adder's poison
             ... on level 2 of the Dungeon.
             The game lasted 00:02:15 (2208 turns).

Goreval the Sneak (Octopode Wizard)                 Turns: 2208, Time: 00:02:16

Health: 0/27       AC:  1    Str:  6    XL:     4   Next: 0%
Magic:  1/8        EV: 13    Int: 21    God:
Gold:   66         SH:  0    Dex: 10    Spells: 1/9 levels left

rFire    . . .     SeeInvis .   (no weapon)
rCold    . . .     Gourm    .   (no shield)
rNeg     . . .     Faith    .   a - +0 hat
rPois    .         Spirit   .   (no amulet)
rElec    .         Reflect  .   (no ring)
rCorr    .         Harm     .   (no ring)
MR       .....                  (no ring)
Stlth    +++.......             (no ring)
HPRegen  0.09/turn              (no ring)
MPRegen  0.11/turn              (no ring)
                                (no ring)
                                (no ring)

@: lethally poisoned (0 -> -15), very slightly contaminated
A: almost no armour, stealthy swim, amphibious, 8 rings, constrict 8, camouflage
1, gelatinous body 1
a: no special abilities


You were on level 2 of the Dungeon.
You were not hungry.

You visited 1 branch of the dungeon, and saw 2 of its levels.

You collected 66 gold pieces.

Inventory:

Missiles
 b - 84 stones (quivered)
Armour
 a - a +0 hat (worn)
Scrolls
 d - a scroll of magic mapping {unknown}
 e - a scroll of immolation {unknown}
 f - a scroll of fear {unknown}
 i - 3 scrolls of amnesia {unknown}
 k - 2 scrolls of identify {unknown}
Potions
 h - a potion of curing {unknown}
 j - a potion of lignification {unknown}
Comestibles
 c - 7 rations


   Skills:
 + Level 2.5 Dodging
 + Level 3.5 Stealth
 + Level 3.3 Spellcasting
 * Level 2.4 Conjurations
 - Level 1.0 Summonings
 - Level 1.0 Translocations


You had one spell level left.
You knew the following spells:

 Your Spells              Type           Power        Failure   Level  Hunger
a - Magic Dart            Conj           ##..         4%          1    None
b - Mephitic Cloud        Conj/Pois/Air  #.......     28%         3    ###....
n - Blink                 Tloc           N/A          13%         2    ##.....
z - Call Imp              Summ           #.......     13%         2    ##.....

Your spell library contained the following spells:

 Spells                   Type           Power        Failure   Level  Hunger
 Slow                     Hex            #.......     21%         2    ##.....
 Conjure Flame            Conj/Fire      #.......     24%         3    ###....


Dungeon Overview and Level Annotations

Branches:
Dungeon (2/15)

Altars:
Kikubaaqudgha


Innate Abilities, Weirdness & Mutations

You cannot wear most types of armour.
You are very stealthy in the water. (Stealth+)
You are amphibious.
You can wear up to eight rings at the same time.
You can use your tentacles to constrict eight enemies at once.
Your skin changes colour to match your surroundings (Stealth+).
Your rubbery body absorbs attacks. (AC +1, EV +1)


Message History

You feel sick. The adder bites you.
You are lethally poisoned!
The adder poisons you! The adder bites you.
* * * LOW HITPOINT WARNING * * *
You are more poisoned.
The adder poisons you!
Unknown command.
You tentacle-slap the adder. Your grab misses the adder.
Your squeeze misses the adder.
* * * LOW HITPOINT WARNING * * *
You feel sick. The adder bites you.
* * * LOW HITPOINT WARNING * * *
You tentacle-slap the adder but do no damage.
You grab the adder. You constrict the adder.
* * * LOW HITPOINT WARNING * * *
You feel sick. The adder misses you.
You barely miss the adder. You squeeze the adder.
You kill the adder!
You have reached level 4!
You die...

#.........#
#.###.# #.#.#..÷
#...#####..# #..
## #.##....
...........# #.#.
#.#.....
...######.# #.##.
#...÷.). #..# #.#
.# ##.#..... #.##
#.# # ...##....
#.#
#.##.######.#.#...
#.# #......#
#.####.#
#.######@.#
.####.......
#.........#
.......÷....
########..#
.#######.)##
##.... #..#
...#########..#
##............#
.##########.# .#
#......# #.######


There were no monsters in sight!

Vanquished Creatures
  An adder (D:2)
  A worm (D:2)
  4 leopard geckos
  A giant cockroach (D:2)
  3 goblins
  7 hobgoblins
  2 quokkas (D:2)
  2 ball pythons
  5 bats
  A frilled lizard (D:1)
  7 kobolds
  5 rats
39 creatures vanquished.

Notes
Turn   | Place    | Note
-------+----------+-------------------------------------------
     0 | D:1      | Goreval the Octopode Wizard began the quest for the Orb.
     0 | D:1      | Reached XP level 1. HP: 11/11 MP: 4/4
   449 | D:1      | Reached XP level 2. HP: 17/17 MP: 0/6
   453 | D:1      | Learned a level 2 spell: Blink
   456 | D:1      | Learned a level 2 spell: Call Imp
  1127 | D:1      | Reached XP level 3. HP: 21/21 MP: 4/7
  1132 | D:1      | Learned a level 3 spell: Mephitic Cloud
  1636 | D:2      | Found an ancient bone altar of Kikubaaqudgha.
  2207 | D:2      | HP: 1/21 [poisoned by an adder]
  2208 | D:2      | Reached XP level 4. HP: 1/27 MP: 0/8
  2208 | D:2      | Succumbed to an adder's poison

Illustrated notes

Levels and vault maps discovered:
D:1:      lemuel_arrival_tunnels, layout_loops_ring
D:2:      layout_loops_ring, kiku_gazebo_garden_becter, first_ration,
          minmay_nonomino_d4

Skill      XL: |  1  2  3 |
---------------+----------+-----
Stealth        | 3 |  3.5
Conjurations   | 2 |  2.4
Dodging        | |  2.5
Spellcasting   | |  3.3
Summonings     | |  1.0
Translocations | |  1.0

Action                   |  1- 3 |  4- 6 || total
-------------------------+-------+-------++-------
Melee: Unarmed           |    28 |       ||    28
       Constrict         |     6 |       ||     6
       Tentacles         |     5 |       ||     5
Throw: Stone             |     1 |       ||     1
 Cast: Magic Dart        |    91 |       ||    91
  Eat: Chunk             |     4 |       ||     4
Armor: Skin              |     5 |       ||     5
Dodge: Dodged            |    20 |       ||    20
